 Dungeon Crawl Stone Soup version 0.27-a0-1280-g9d2d252d84 (webtiles) character file.

Game seed: 9648724465519754060

14 Glokmah the Digger (level 2, 20/20 HPs)
             Began as a Demonspawn Earth Elementalist on June 13, 2021.
             Quit the game on level 1 of the Dungeon.
             The game lasted 00:00:58 (397 turns).

Glokmah the Digger (Demonspawn Earth Elementalist)   Turns: 397, Time: 00:00:59

Health: 20/20      AC:  2    Str:  8    XL:     2   Next: 27%
Magic:  4/5        EV: 12    Int: 16    God:
Gold:   35         SH:  0    Dex: 13    Spells: 4/5 levels left

rFire    . . .     SeeInvis .   a - +0 short sword
rCold    . . .     Faith    .   (no shield)
rNeg     . . .     Spirit   .   c - +0 robe
rPois    .         Reflect  .   (no helmet)
rElec    .         Harm     .   (no cloak)
rCorr    .         Rampage  .   (no gloves)
Will     .....                  (no boots)
Stlth    ++........             (no amulet)
HPRegen  0.06/turn              (no ring)
MPRegen  0.09/turn              (no ring)

@: no status effects
A: talons 1
a: no special abilities


You were on level 1 of the Dungeon.
You visited 1 branch of the dungeon, and saw 1 of its levels.

You collected 35 gold pieces.

Inventory:

Hand Weapons
 a - a +0 short sword (weapon)
Missiles
 b - 40 stones
Armour
 c - a +0 robe (worn)
Scrolls
 d - a scroll of amnesia {unknown}


   Skills:
 + Level 0.4 Fighting
 + Level 1.9 Dodging
 - Level 1.7 Stealth
 + Level 2.1 Spellcasting
 + Level 1.1 Transmutations
 * Level 3.0 Earth Magic


You had 4 spell levels left.
You knew the following spells:

 Your Spells              Type           Power      Damage    Failure   Level
a - Sandblast             Erth           22%        2d7       6%          1

Your spell library contained the following spells:

 Spells                   Type           Power      Damage    Failure   Level
 Passwall                 Tmut/Erth      6%         N/A       13%         2
 Stone Arrow              Conj/Erth      12%        3d7       32%         3
 Petrify                  Tmut/Erth      8%         N/A       65%         4
 Lee's Rapid Deconstruct  Erth           5%         3d7*      86%         5


Dungeon Overview and Level Annotations

Branches:
Dungeon (1/15)

Altars:


Innate Abilities, Weirdness & Mutations

You have sharp toenails.


Message History

The hobgoblin misses you.
You barely miss the hobgoblin. You claw the hobgoblin.
You kill the hobgoblin!
You now have 29 gold pieces (gained 13).
Found a runed morningstar.
You now have 35 gold pieces (gained 6).
A giant cockroach comes into view.
Found a scroll labelled TYCZIE IXANILO.
You see here a +2 morningstar of holy wrath.
Found a robe.
Casting: Sandblast (safe; 6% risk of failure)
Confirm with . or Enter, or press ? or * to list all spells.
Aiming: Sandblast (safe; 6% risk of failure)
Press: ? - help, Shift-Dir - straight line, f - giant cockroach
Aim: a giant cockroach (79% to hit)
The blast of sand hits the giant cockroach.
The giant cockroach is almost dead.
Casting: Sandblast (safe; 6% risk of failure)
Confirm with . or Enter, or press ? or * to list all spells.
Aiming: Sandblast (safe; 6% risk of failure)
Press: ? - help, Shift-Dir - straight line, f/p - giant cockroach
Aim: a giant cockroach (almost dead, 79% to hit)
You miscast Sandblast.
You are very lightly contaminated with residual magic.
Nothing appears to happen.
The giant cockroach bites you but does no damage.
You closely miss the giant cockroach. You claw the giant cockroach.
You kill the giant cockroach!
Your Earth Magic skill increases to level 3!
Your magical contamination has completely faded away.
d - a scroll labelled TYCZIE IXANILO An endoplasm comes into view.
Casting: Sandblast (safe; 6% risk of failure)
Confirm with . or Enter, or press ? or * to list all spells.
Aiming: Sandblast (safe; 6% risk of failure)
Press: ? - help, Shift-Dir - straight line, f - endoplasm
Aim: an endoplasm (asleep, 100% to hit)
The blast of sand hits the endoplasm.
You kill the endoplasm!
Are you sure you want to abandon this character and quit the game? (Confirm with "yes".)

######
################....#
....................##
##...#####.....#@....#
#.......##.)...#.....#
.........#.....#####.#
.......................
..................###[##
.........#............
........##..........#.
........##......###.#
....>...##......# #


There were no monsters in sight!

Vanquished Creatures
  A dart slug (D:1)
  An endoplasm (D:1)
  4 giant cockroaches (D:1)
  A hobgoblin (D:1)
  2 kobolds (D:1)
  A rat (D:1)
10 creatures vanquished.

Notes
Turn   | Place    | Note
-------+----------+-------------------------------------------
     0 | D:1      | Glokmah the Demonspawn Earth Elementalist began the quest
                  | for the Orb.
     0 | D:1      | Reached XP level 1. HP: 13/13 MP: 3/3
   159 | D:1      | Reached skill level 1 in Transmutations
   320 | D:1      | Gained mutation: You have sharp toenails. [demonic
                  | ancestry]
   320 | D:1      | Reached XP level 2. HP: 20/20 MP: 3/5
   363 | D:1      | Reached skill level 3 in Earth Magic
   397 | D:1      | Quit the game

Illustrated notes

Levels and vault maps discovered:
D:1:      dpeg_arrival_boxorama, layout_rooms,
          shapermc_ecumenical_altar_starsandcircs

Skill      XL: |  1  2 |
---------------+-------+-----
Transmutations | 1 |  1.1
Earth Magic    | 3 |  3.0
Fighting       | |  0.4
Dodging        | |  1.9
Stealth        | |  1.7
Spellcasting   | |  2.1

Action                   || total
-------------------------++-------
Melee: Short sword       ||    24
       Kick              ||     2
 Cast: Sandblast         ||    10
Armor: Robe              ||    10
Dodge: Dodged            ||    23

Table legend: (Time is in decaauts)
 A = Elapsed time spent in this place.
 B = Non-inter-level travel time spent in this place.
 C = Inter-level travel time spent in this place.
 D = Time resting spent in this place.
 E = Time spent auto-exploring this place.
 F = Levels seen in this place.
 G = Mean time per level.
                   A        B        C        D        E       F      G
               +--------+--------+--------+--------+--------+-----+--------+
         Total |    398 |    398 |      0 |    116 |    186 |   1 |  398.0 |
       Dungeon |    398 |    398 |      0 |    116 |    186 |   1 |  398.0 |
               +--------+--------+--------+--------+--------+-----+--------+

Top non-repeatable levels by time:
     D:1: 398 daAuts
